 Dungeon Crawl Stone Soup version 0.32-a0-999-gfa1cc04b1d (webtiles) character file.

Game seed: 7018400924959934418

1320 GiantSquids the Grappler (level 8, -1/79 HPs)
             Began as an Octopode Berserker on Apr 24, 2024.
             Was a Priest of Trog.
             Slain by an ice beast (4 damage)
             ... on level 6 of the Dungeon.
             The game lasted 00:09:10 (4202 turns).

GiantSquids the Grappler (Octopode Berserker)       Turns: 4202, Time: 00:09:11

Health: -1/79      AC:  1    Str: 19    XL:     8   Next: 59%
Magic:  8/8        EV: 12    Int:  9    God:    Trog [***...]
Gold:   312        SH:  0    Dex: 11    Spells: 7/7 levels left

rFire   + .          .
                       - Unarmed
rCold   . . .        (no shield)
rNeg    . . .        (helmet restricted)
rPois   .            o - amulet of regeneration
rElec   .            e - ring of see invisible
rCorr   .            j - ring of protection from fire
SInv    +            (no ring)
Will    .....        (no ring) Stlth
                     (no ring)
HPRegen 1.13/turn    (no ring)
MPRegen 0.11/turn    (no ring)
                     (no ring)

%: no passive effects
@: berserking, very quick
A: almost no armour, amphibious, 8 rings, camouflage 1, gelatinous body 1,
(nimble swimmer 1), tentacles
a: Renounce Religion, Berserk, Trog's Hand


You were on level 6 of the Dungeon.
You worshipped Trog.
Trog was most pleased with you.
You visited 1 branch of the dungeon, and saw 6 of its levels.

You collected 312 gold pieces.

Inventory:

Hand Weapons
 t - the +7 mace "Keix" {flame, Dex+8}
   (You found it on level 6 of the Dungeon)

   Dex+8:     It affects your dexterity (+8).
Missiles
 n - 2 throwing nets (quivered)
 p - 15 stones
Jewellery
 e - a ring of see invisible (left tentacle)
 f - the ring "Reca" {rC- Will++ EV+5 Stlth+}
   (You found it on level 6 of the Dungeon)

   [ring of evasion]

   EV+5:      It affects your evasion (+5).
   rC-:       It makes you vulnerable to cold.
   Will++:    It greatly increases your willpower.
   Stlth+:    It makes you more stealthy.
 j - a ring of protection from fire (right tentacle)
 o - an amulet of regeneration (around mantle)
 u - a ring of magical power
Wands
 m - a wand of paralysis (10)
 q - a wand of digging (7)
 r - a wand of flame (20)
Scrolls
 a - a scroll of identify
 b - 2 scrolls of revelation
 c - 2 scrolls of blinking {unknown}
 d - 2 scrolls of teleportation
 g - 2 scrolls of fog
 i - 2 scrolls of immolation {unknown}
 k - a scroll of amnesia {unknown}
 l - 2 scrolls of butterflies
 s - a scroll of enchant weapon {unknown}
Potions
 h - 2 potions of curing {unknown}


   Skills:
 + Level 3.6 Fighting
 + Level 3.5 Dodging
 - Level 3.5 Stealth
 * Level 9.7 Unarmed Combat
 + Level 1.5 Shapeshifting


You had 7 spell levels left.
You didn't know any spells.
Your spell library was empty.

Dungeon Overview and Level Annotations

Branches:
Dungeon (6/15)             Temple (0/1) D:5

Altars:
Gozag
Nemelex Xobeh
Qazlal
Trog
Xom
The Shining One


Innate Abilities, Weirdness & Mutations

You cannot wear most types of armour.
You are amphibious.
You can wear up to eight rings at the same time.
Your skin changes colour to match your surroundings (Stealth+).
Your rubbery body absorbs attacks. (AC +1, EV +1)
((You are camouflaged when in or above water. (Stealth+)))
You have tentacles for arms and can constrict up to eight enemies at once.


Message History

You now have 283 gold pieces (gained 14).
There are no items here.
u - a ring of magical power
There are no items here.
An iguana comes into view.
Found a stone staircase leading down.
The iguana hisses angrily.
You tentacle-slap the iguana. You grab the iguana.
The iguana is lightly wounded.
You constrict the iguana, but do no damage.
The iguana barely misses you.
You tentacle-slap the iguana.
The iguana is moderately wounded.
You constrict the iguana. The iguana barely misses you.
You bludgeon the iguana!
You kill the iguana!
Trog accepts your kill.
You now have 303 gold pieces (gained 20).
You now have 312 gold pieces (gained 9).
h - 2 pink potions (gained 1)
An ice beast is nearby!
You bludgeon the ice beast!
Your tentacle-slap misses the ice beast.
The ice beast is moderately wounded.
The ice beast hits you. The ice beast freezes you!
You closely miss the ice beast.
The ice beast is moderately wounded.
The ice beast hits you. The ice beast freezes you!
You tentacle-slap the ice beast. You squeeze the ice beast.
The ice beast is heavily wounded.
The ice beast hits you. The ice beast freezes you!
You closely miss the ice beast.
The ice beast is heavily wounded.
The ice beast hits you.
* * * LOW HITPOINT WARNING * * *
The ice beast freezes you!
* * * LOW HITPOINT WARNING * * *
A red film seems to cover your vision as you go berserk!
You feel yourself moving faster!
You feel mighty! The ice beast hits you.
You die...

##..... ..# ####...†)
.....####.# ........#
.......#..## .....##..
#.#........##..### ##..
#.#............ ##...
#.#........#...## #.... >.
#.#.............. #.... ^..##
#..............#.##....
......#.....@Y....#..#.......
.........#######.##.Y........
.#........## ##.##.####.....
#..##..#..####..............
#+ #....................#..
#.......................
#.......................
#....##...#..........#..
#...#####.....)).#####..


You could see an ice beast.

Vanquished Creatures
  A water moccasin (D:6)
  2 black bears (D:5)
  2 ogres
  A phantom (D:5)
  A kobold brigand (D:6)
  A gnoll sergeant (D:5)
  3 scorpions (D:5)
  A howler monkey (D:5)
  2 orc priests
  2 hounds
  An orc wizard (D:6)
  Terence (D:3)
  An iguana (D:6)
  A sleepcap (D:4)
  10 gnolls
  4 adders
  2 ribbon worms
  4 dart slugs
  16 orcs
  6 bats
  2 endoplasms
  3 giant cockroaches
  4 goblins
  5 hobgoblins
  4 jackals
  4 quokkas
  A ball python (D:1)
  4 frilled lizards
  6 kobolds
  10 rats
105 creatures vanquished.

Notes
Turn   | Place    | Note
-------+----------+-------------------------------------------
     0 | D:1      | GiantSquids the Octopode Berserker began the quest for the
                  | Orb.
     0 | D:1      | Reached XP level 1. HP: 16/16 MP: 1/1
    89 | D:1      | Reached skill level 1 in Stealth
    93 | D:1      | Reached XP level 2. HP: 21/21 MP: 2/2
   555 | D:2      | Reached XP level 3. HP: 24/26 MP: 3/3
   776 | D:2      | Reached skill level 4 in Unarmed Combat
   798 | D:2      | Reached ** piety under Trog
  1144 | D:3      | Found a shimmering altar of Xom.
  1144 | D:3      | Found a glowing golden altar of the Shining One.
  1208 | D:3      | Reached XP level 4. HP: 27/31 MP: 4/4
  1299 | D:3      | Found a stormy altar of Qazlal.
  1513 | D:3      | Noticed Terence
  1520 | D:3      | Killed Terence
  1521 | D:3      | Reached skill level 5 in Unarmed Combat
  1521 | D:3      | Reached XP level 5. HP: 4/36 MP: 5/5
  1912 | D:4      | Identified the +3 ring mail of the Original Sin {rPois
                  | rC++}
  2115 | D:4      | Found a sparkling altar of Nemelex Xobeh.
  2116 | D:4      | Found an opulent altar of Gozag.
  2430 | D:4      | Reached XP level 6. HP: 42/42 MP: 6/6
  2431 | D:4      | Reached skill level 6 in Unarmed Combat
  2630 | D:5      | Entered Level 5 of the Dungeon
  2848 | D:5      | Found a staircase to the Ecumenical Temple.
  3007 | D:5      | Found a bloodstained altar of Trog.
  3146 | D:5      | Reached skill level 7 in Unarmed Combat
  3146 | D:5      | Reached XP level 7. HP: 30/46 MP: 7/7
  3153 | D:5      | Reached *** piety under Trog
  3346 | D:5      | Reached skill level 8 in Unarmed Combat
  3842 | D:5      | Reached XP level 8. HP: 17/52 MP: 8/8
  3881 | D:5      | HP: 1/52 [black bear (4)]
  3883 | D:5      | Reached skill level 9 in Unarmed Combat
  3983 | D:6      | Identified the ring "Reca" {rC- Will++ EV+5 Stlth+}
  4036 | D:6      | Reached skill level 1 in Shapeshifting
  4112 | D:6      | Identified the +7 mace "Keix" {flame, Dex+8}
  4201 | D:6      | HP: 1/53 [ice beast (13)]
  4202 | D:6      | Slain by an ice beast

Illustrated notes

Levels and vault maps discovered:
D:1:      lemuel_arrival_broad_hall, layout_basic
D:2:      layout_rooms
D:3:      layout_basic, grunt_qazlal_clouds, gammafunk_temple_overflow_pools,
          uniq_terence
D:4:      layout_loops_ring, grunt_temple_overflow_opulence,
          minmay_fractal_squares_gapless_5
D:5:      layout_basic, bloody_trog, minmay_temple_entry_large_hall
D:6:      layout_rooms, kennysheep_generic_room_14

Skill      XL: |  1  2  3  4  5  6  7  8 |
---------------+-------------------------+-----
Stealth        | 1 2 3 |  3.5
Unarmed Combat | 4 5 7 8 9 |  9.7
Shapeshifting  | 1 |  1.5
Fighting       | |  3.6
Dodging        | |  3.5

Action                     |  1- 3 |  4- 6 |  7- 9 || total
---------------------------+-------+-------+-------++-------
  Melee: Unarmed           |    51 |    96 |    80 ||   227
         Constrict         |    17 |    26 |    15 ||    58
         Tentacles         |     9 |    22 |    14 ||    45
         Punch             |     2 |     5 |     4 ||    11
 Invoke: Berserk           |       |     2 |     2 ||     4
    Use: Scroll            |       |       |     4 ||     4
         Potion            |       |       |     1 ||     1
   Stab: Sleeping          |     7 |     3 |       ||    10
         Distracted        |     1 |     1 |       ||     2
 Armour: Skin              |    26 |    47 |    50 ||   123
  Dodge: Dodged            |    21 |    51 |    51 ||   123

Table legend: (Time is in decaauts)
 A = Elapsed time spent in this place.
 B = Non-inter-level travel time spent in this place.
 C = Inter-level travel time spent in this place.
 D = Time resting spent in this place.
 E = Time spent auto-exploring this place.
 F = Levels seen in this place.
 G = Mean time per level.
                   A        B        C        D        E       F      G
               +--------+--------+--------+--------+--------+-----+--------+
         Total |   4217 |   3950 |    267 |    206 |   2910 |   6 |  702.8 |
       Dungeon |   4217 |   3950 |    267 |    206 |   2910 |   6 |  702.8 |
               +--------+--------+--------+--------+--------+-----+--------+

Top non-repeatable levels by time:
     D:4: 1121 daAuts
     D:5: 1115 daAuts
     D:3: 642 daAuts
     D:1: 546 daAuts
     D:2: 518 daAuts
     D:6: 273 daAuts
